 Dungeon Crawl Stone Soup version 0.30.1-11-g7821555f0a (webtiles) character file.

Game seed: 3486937927664753305

281 safid the Chiller (level 6, -3/47 HPs)
             Began as a Merfolk Ice Elementalist on Nov 9, 2023.
             Slain by Grinder (4 damage)
             ... on level 4 of the Dungeon.
             The game lasted 00:03:10 (2226 turns).

safid the Chiller (Merfolk Ice Elementalist)        Turns: 2226, Time: 00:03:11

Health: -3/47      AC:  9    Str:  8    XL:     6   Next: 27%
Magic:  2/11       EV: 12    Int: 17    God:
Gold:   115        SH:  0    Dex: 14    Spells: 5/12 levels left

rFire   . . .        j - +2 dagger (speed)
rCold   . . .        (no shield)
rNeg    . . .        a - +0 robe
rPois   .            n - +0 helmet
rElec   .            (no cloak)
rCorr   .            (no gloves)
SInv    .            (no boots)
Will    .....        f - amulet of the acrobat
Stlth   ++           k - ring of wizardry
HPRegen 0.27/turn    (no ring)
MPRegen 0.12/turn

%: acrobat, wizardry (x1)
@: ice-armoured, freezing walls
A: (nimble swimmer 2), mertail
a: no special abilities


You were on level 4 of the Dungeon.
You visited 1 branch of the dungeon, and saw 4 of its levels.

You collected 115 gold pieces.

Inventory:

Hand Weapons
 h - a +0 executioner's axe
 j - a +2 dagger of speed (weapon)
Missiles
 p - a throwing net
Armour
 a - a +0 robe (worn)
 n - a +0 helmet (worn)
Jewellery
 f - an amulet of the acrobat (around neck)
 k - a ring of wizardry (left hand)
Scrolls
 e - 2 scrolls of identify {unknown}
 l - a scroll of butterflies {unknown}
 o - a scroll of amnesia {unknown}
 r - a scroll of fog {unknown}
 t - a scroll of torment {unknown}
Potions
 b - a potion of magic
 c - 3 potions of curing {unknown}
 d - 2 potions of attraction {unknown}
 g - a potion of degeneration {unknown}
 i - a potion of cancellation {unknown}
 m - a potion of haste {unknown}
 q - a potion of flight {unknown}
 s - 2 potions of might {unknown}


   Skills:
 + Level 3.5 Fighting
 - Level 2.6 Dodging
 - Level 2.1 Stealth
 + Level 3.7 Spellcasting
 + Level 5.9 Ice Magic


You had 5 spell levels left.
You knew the following spells:

 Your Spells              Type           Power      Damage    Failure   Level
a - Freeze                Ice            92%        1d9       1%          1
b - Frozen Ramparts       Ice            46%        1d7       1%          3
c - Ozocubu's Armour      Ice            23%        N/A       1%          3

Your spell library contained the following spells:

 Spells                   Type           Power      Damage    Failure   Level
 Summon Ice Beast         Ice/Summ       13%        N/A       19%         4


Dungeon Overview and Level Annotations

Branches:
Dungeon (3/15)

Altars:

Annotations:
D:4 Grinder


Innate Abilities, Weirdness & Mutations

((You are very nimble when in or above water. (Stealth+, EV+, Speed+++)))
Your lower body shifts to a powerful aquatic tail in water.


Message History

You completely miss Grinder.
Grinder is moderately wounded.
The wall freezes Grinder but does no damage.
Grinder hits you but does no damage.
You hit Grinder.
Grinder is heavily wounded.
Grinder resists.
The wall freezes Grinder.
Grinder hits you.
You writhe in agony.
You closely miss Grinder.
Grinder is heavily wounded.
You hit Grinder.
Grinder is heavily wounded.
Grinder completely resists.
The wall freezes Grinder but does no damage.
Grinder zaps a wand.
The puff of flame hits you. The heat melts your icy armour.
You are too injured to fight recklessly!
You are too injured to fight recklessly!
You are too injured to fight recklessly!
You are too injured to fight recklessly!
Unknown command.
You hit Grinder.
Grinder is severely wounded.
The frozen ramparts melt away.
Grinder gestures at you. Pain shoots through your body!
* * * LOW HITPOINT WARNING * * *
Unknown command.
Unknown command.
Casting: Frozen Ramparts (safe; 1% risk of failure)
Confirm with . or Enter, or press ? or * to list all spells.
Casting: Frozen Ramparts (safe; 1% risk of failure)
Press: ? - help, Dir - look around, f - activate The walls around you are covered in ice.
Grinder completely resists.
The wall freezes Grinder but does no damage.
Grinder hits you.
* * * LOW HITPOINT WARNING * * *
You writhe in agony.
You die...

...............
.....##.....#
##.
........#...#
#..
.###......###
#.#
..##.###...###
#.#
#....##..#...#
#.#
..###...####.#
#.# .....>###
#.###.# #.#####
#...#@# #..#
###..5# ....#
##..# ##....
#### ##..# ...


You could see Grinder.

Vanquished Creatures
  An ogre (D:4)
  Blork the orc (D:4)
  A hound (D:4)
  5 adders
  An ufetubus (D:4)
  2 worms (D:2)
  2 dart slugs
  An orc (D:4)
  6 endoplasms
  A giant cockroach (D:2)
  3 goblins
  5 hobgoblins
  A quokka (D:2)
  4 ball pythons
  3 bats (D:1)
  3 frilled lizards
  6 kobolds
  4 rats
50 creatures vanquished.

Notes
Turn   | Place    | Note
-------+----------+-------------------------------------------
     0 | D:1      | safid the Merfolk Ice Elementalist began the quest for the
                  | Orb.
     0 | D:1      | Reached XP level 1. HP: 13/13 MP: 3/3
   457 | D:1      | Reached XP level 2. HP: 20/20 MP: 5/5
   524 | D:1      | Found a faded altar of an unknown god.
   544 | D:1      | Reached skill level 1 in Fighting
   889 | D:2      | Reached XP level 3. HP: 26/26 MP: 2/6
   912 | D:1      | Learned a level 3 spell: Frozen Ramparts
  1681 | D:2      | Learned a level 3 spell: Ozocubu's Armour
  1710 | D:3      | Reached skill level 5 in Ice Magic
  1710 | D:3      | Reached XP level 4. HP: 33/33 MP: 5/8
  1844 | D:3      | You fall into a shaft and drop 1 floor!
  1848 | D:4      | Noticed an ogre
  1865 | D:4      | Killed an ogre
  1866 | D:4      | Reached XP level 5. HP: 18/41 MP: 0/10
  2066 | D:4      | Noticed Blork the orc
  2080 | D:4      | Killed Blork the orc
  2081 | D:4      | Reached XP level 6. HP: 43/47 MP: 4/11
  2195 | D:4      | Noticed Grinder
  2226 | D:4      | HP: 1/47 [Grinder (6)]
  2226 | D:4      | Slain by Grinder

Illustrated notes

Levels and vault maps discovered:
D:1:      spicycebolla_green_bress_n_ham_2, layout_basic,
          chequers_ecumenical_altar_island, chequers_decorated_corner,
          grunt_decor_clamped
D:2:      layout_basic, minmay_fountain_box, hangedman_decor_lopped,
          minmay_indecisive_spiral
D:3:      layout_rooms, serial_rivers, chequers_serial_rivers_marsh,
          chequers_serial_rivers_large_a, chequers_serial_rivers_micro_d,
          chequers_serial_rivers_marsh, mrwooster_statue_mirror, uniq_robin,
          uniq_terence
D:4:      layout_rooms, nicolae_qazlal_style_of_elements, uniq_eustachio,
          uniq_grinder, uniq_natasha, uniq_blork_the_orc

Skill      XL: |  1  2  3  4 |
---------------+-------------+-----
Fighting       | 1 2 3 |  3.5
Ice Magic      | 5 |  5.9
Spellcasting   | 3 |  3.7
Dodging        | |  2.6
Stealth        | |  2.1

Action                     |  1- 3 |  4- 6 || total
---------------------------+-------+-------++-------
  Melee: Short sword       |    10 |       ||    10
         Dagger            |    96 |    60 ||   156
         Unarmed           |     1 |       ||     1
         Punch             |     1 |     2 ||     3
   Cast: Freeze            |    15 |     2 ||    17
         Frozen Ramparts   |       |     7 ||     7
         Ozocubu's Armour  |       |     3 ||     3
   Stab: Sleeping          |     5 |     3 ||     8
 Armour: Robe              |    12 |     9 ||    21
  Dodge: Dodged            |    62 |    35 ||    97
